 Dungeon Crawl Stone Soup version 0.27.1-4-g1640c2035a (webtiles) character file.

Game seed: 1953023302152025133

56 SmokeWeed the Skirmisher (level 3, -4/31 HPs)
             Began as a Palentonga Fighter on Nov 10, 2021.
             Slain by a gnoll (5 damage)
             ... on level 2 of the Dungeon.
             The game lasted 00:03:03 (1670 turns).

SmokeWeed the Skirmisher (Palentonga Fighter)       Turns: 1670, Time: 00:03:03

Health: -4/31      AC:  9    Str: 20    XL:     3   Next: 69%
Magic:  3/3        EV:  5    Int:  8    God:
Gold:   72         SH:  9    Dex:  9    Spells: 2/2 levels left

rFire    . . .     SeeInvis +   a - +0 long sword
rCold    . . .     Faith    .   c - +0 kite shield
rNeg     . . .     Spirit   .   b - +0 scale mail
rPois    .         Reflect  .   j - +2 helmet
rElec    .         Harm     .   (no cloak)
rCorr    .         Rampage  .   (no gloves)
Will     .....                  (no barding)
Stlth    ..........             (no amulet)
HPRegen  0.10/turn              (no ring)
MPRegen  0.08/turn              (no ring)

@: mighty
A: large, rugged brown scales 3, see invisible, deformed body, roll 1, armoured
tail
a: Rolling Charge


You were on level 2 of the Dungeon.
You visited 1 branch of the dungeon, and saw 2 of its levels.

You collected 72 gold pieces.

Inventory:

Hand Weapons
 a - a +0 long sword (weapon)
Missiles
 f - 7 arrows
 i - 7 atropa-tipped darts
Armour
 b - a +0 scale mail (worn)
 c - a +0 kite shield (worn)
 j - a +2 helmet (worn)
 l - a +2 helmet
Magical Staves
 h - a staff of conjuration
Scrolls
 e - 3 scrolls of identify
 g - a scroll of fear
 k - 3 scrolls of immolation
Potions
 m - a potion of resistance {unknown}


   Skills:
 + Level 3.3 Fighting
 + Level 2.7 Long Blades
 + Level 2.6 Armour
 + Level 0.3 Dodging
 + Level 2.9 Shields


You had 2 spell levels left.
You didn't know any spells.
Your spell library contained the following spells:

 Spells                   Type           Power      Damage    Failure   Level
 Conjure Flame            Conj/Fire      0%         6-21      100%        3
 Ignite Poison            Fire/Tmut/Pois 0%         N/A       100%        3
 Sticky Flame             Conj/Fire      0%         2d3       100%        4


Dungeon Overview and Level Annotations

Branches:
Dungeon (2/15)

Altars:


Innate Abilities, Weirdness & Mutations

You are completely covered in rugged brown scales. (AC +3, +7% HP)
You have supernaturally acute eyesight. (SInv)
Armour fits poorly on your strangely shaped body.
You can roll at nearby foes to attack.
You have a long armoured tail.


Message History

Aim: a gnoll, wielding a +0 whip of electrocution You roll forward with a clatter of scales!
A gnoll comes into view. It is wielding a +0 flail.
Found a stone staircase leading up.
You closely miss the gnoll.
The gnoll shouts!
You block the gnoll's attack.
The gnoll hits you with a +0 whip of electrocution.
The goblin unwields a +1 hunting sling of flaming.
It stops flaming.
The goblin wields a +0 club.
The goblin barely misses you.
You closely miss the gnoll. You block the gnoll's attack.
You block the goblin's attack.
Your shield and scale mail prevent you from hitting the gnoll.
Your tail-slap misses the gnoll.
You block the goblin's attack.
The gnoll hits you with a +0 whip of electrocution.
You are electrocuted!
* * * LOW HITPOINT WARNING * * *
You block the gnoll's attack. The goblin barely misses you.
The gnoll completely misses you.
You riposte.
You hit the gnoll. You tail-slap the gnoll!
The gnoll is almost dead.
You feel very mighty all of a sudden. You block the gnoll's attack.
The gnoll hits you with a +0 whip of electrocution.
* * * LOW HITPOINT WARNING * * *
Unknown command.
The bat hits you but does no damage. x2
The bat hits you but does no damage.
The goblin unwields a +0 club.
The goblin wields a +1 hunting sling of flaming.
It bursts into flame!
The goblin shoots a sling bullet.
You block the sling bullet.
You slash the bat!
You kill the bat!
The gnoll hits you with a +0 whip of electrocution.
* * * LOW HITPOINT WARNING * * *
The gnoll hits you but does no damage.
Your shield prevents you from hitting the gnoll.
You tail-slap the gnoll!
The gnoll is almost dead.
The gnoll hits you but does no damage. The gnoll hits you with a +0 club.
You die...

.....<...'.....#
####.....#.....#
####.....#.....#
...............#
...#######.....###### ##
#.....# #.....##...# ##...
......# ####..##...# ......
......# #..##g..###......
.....)#######...@gg..w.......
.................g........⌠..
......#######.#.#r..###......
#........# #.#.....# .⌠...>
.........# #.##....# .....
.........# #.##....# #.⌠..
..###....# #.##.#### .... ..#
#....# #.##.. #<. ..# #(...#
#.###


You could see a worm, 3 gnolls, a goblin and a rat.

Vanquished Creatures
  2 adders (D:2)
  3 dart slugs
  2 endoplasms
  2 giant cockroaches
  4 goblins
  A hobgoblin (D:2)
  3 jackals (D:1)
  3 quokkas
  2 ball pythons
  2 bats (D:2)
  A frilled lizard (D:2)
  4 kobolds
  2 rats (D:1)
31 creatures vanquished.

Notes
Turn   | Place    | Note
-------+----------+-------------------------------------------
     0 | D:1      | SmokeWeed the Palentonga Fighter began the quest for the
                  | Orb.
     0 | D:1      | Reached XP level 1. HP: 19/19 MP: 1/1
   130 | D:1      | Reached XP level 2. HP: 17/25 MP: 2/2
   801 | D:1      | Found a faded altar of an unknown god.
  1321 | D:2      | Reached XP level 3. HP: 28/31 MP: 3/3
  1669 | D:2      | HP: 1/31 [gnoll (2)]
  1670 | D:2      | Slain by a gnoll

Illustrated notes

Levels and vault maps discovered:
D:1:      onia_arrival_mini_spirals, layout_loops_corners,
          ebering_ecumenical_altar_hall
D:2:      layout_basic, serial_shops, shop_statue, grunt_ministairs_2

Action                   || total
-------------------------++-------
Melee: Long sword        ||    86
       Tailslap          ||    12
 Abil: Rolling Charge    ||     2
  Use: Scroll            ||     2
       Potion            ||     1
Armor: Scale mail        ||    63
Dodge: Dodged            ||    27
Block: Kite shield       ||    51
       Rpst.: Long sword ||     5
